 Dungeon Crawl Stone Soup version 0.27.1-16-g815e20cd7a (webtiles) character file.

Game seed: 7543221013759718022

46329 belegose the Fighter (level 14, -2/129 HPs)
             Began as a Grey Draconian Fire Elementalist on Nov 21, 2021.
             Was an Initiate of Gozag.
             Slain by a reaper (4 damage)
             ... in an ice cave.
             The game lasted 01:34:44 (25224 turns).

belegose the Fighter (DrFE)                        Turns: 25224, Time: 01:34:45

Health: -2/129     AC: 19    Str: 12    XL:     14   Next: 4%
Magic:  3/27       EV: 15    Int: 20    God:    Gozag
Gold:   3297       SH:  5    Dex: 13    Spells: 13/31 levels left

rFire    + + .     SeeInvis .   a - +7 demon blade "Goblinslayer" {freeze, Dex+2}
rCold    + + .     Faith    .   I - +0 buckler
rNeg     + . .     Spirit   .   (armour unavailable)
rPois    +         Reflect  .   q - -2 hat of the Alchemist {rElec rPois rF+ rC+ rN+ Will+ rMut rCorr}
rElec    +         Harm     .   i - +4 cloak of Gluttony {rF+}
rCorr    +         Rampage  .   H - +0 pair of gloves
rMut     +                      M - +1 pair of boots
Will     ++...                  h - amulet of regeneration
Stlth    +++.......             n - ring of wizardry
HPRegen  1.31/turn              u - ring of protection from cold
MPRegen  0.20/turn

@: studying Fighting
A: AC +13, amphibious, unfitting armour, cold-blooded
a: Renounce Religion, Potion Petition, Call Merchant, Bribe Branch


You were in an ice cave.
You worshipped Gozag.
Gozag was most pleased with you.
You visited 4 branches of the dungeon, and saw 18 of its levels.
You also visited: Sewer, Gauntlet and Ice Cave.

You collected 5059 gold pieces.
You spent 1729 gold pieces at shops.
You paid 33 gold pieces to Gozag.

Inventory:

Hand Weapons
 a - the +7 demon blade "Goblinslayer" (weapon) {freeze, Dex+2}
   (You acquired it on level 10 of the Dungeon)

   It freezes those it strikes, dealing additional cold damage.
   It can also slow down cold-blooded creatures.
   Dex:       It affects your dexterity (+2).
 b - the +0 staff of Battle
   (You acquired it on level 10 of the Dungeon)

   It enhances your conjuration magic.
   It summons a battlesphere in combat, with strength depending on Conjurations
   skill.
 c - a +0 scimitar of flaming
 m - the +5 short sword of Yteven {holy, Fly Will+ Int+7 Dex-4}
   (You took it off a kobold brigand on level 11 of the Dungeon)

   It has been blessed by the Shining One to cause great damage to the undead
   and demons.
   Int:       It affects your intelligence (+7).
   Dex:       It affects your dexterity (-4).
   Fly:       It grants you flight.
   Will:      It increases your willpower.
Missiles
 v - 92 poisoned darts (quivered)
 L - 22 boomerangs
 Q - 18 javelins
Armour
 i - the +4 cloak of Gluttony (worn) {rF+}
   (You acquired it on level 10 of the Dungeon)

   rF:        It protects you from fire.
 q - the -2 hat of the Alchemist (worn) {rElec rPois rF+ rC+ rN+ Will+ rMut rCorr}
   (You found it on level 5 of the Dungeon)

   rF:        It protects you from fire.
   rC:        It protects you from cold.
   rElec:     It insulates you from electricity.
   rPois:     It protects you from poison.
   rN:        It protects you from negative energy.
   rCorr:     It protects you from acid and corrosion.
   rMut:      It protects you from mutation.
   Will:      It increases your willpower.
 t - a scarf of invisibility
 H - a +0 pair of gloves (worn)
 I - a +0 buckler (worn)
 M - a +1 pair of boots (worn)
Jewellery
 h - an amulet of regeneration (around neck)
 n - a ring of wizardry (left hand)
 u - a ring of protection from cold (right hand)
 P - the ring "Vykhlurph" {rPois AC+4}
   (You found it in a Gauntlet)

   [ring of protection]

   AC:        It affects your AC (+4).
   rPois:     It protects you from poison.
Wands
 p - a wand of acid (8)
 z - a wand of iceblast (11)
 N - a wand of paralysis (5)
 R - a wand of mindburst (22)
 S - a wand of flame (8)
Scrolls
 d - 3 scrolls of fear
 e - 5 scrolls of enchant armour {unknown}
 o - 4 scrolls of teleportation {unknown}
 s - 2 scrolls of brand weapon {unknown}
 w - a scroll of holy word {unknown}
 x - 2 scrolls of enchant weapon {unknown}
 y - 4 scrolls of amnesia {unknown}
 D - 2 scrolls of blinking {unknown}
 F - a scroll of summoning {unknown}
 G - a scroll of magic mapping
 K - 2 scrolls of fog {unknown}
 O - a scroll of vulnerability {unknown}
Potions
 f - 4 potions of heal wounds
 g - a potion of flight
 j - 5 potions of curing
 k - a potion of lignification
 l - a potion of might
 r - 6 potions of mutation
 A - 2 potions of haste
 B - 5 potions of magic
 C - 2 potions of resistance
 E - 3 potions of invisibility
 J - 3 potions of ambrosia
Miscellaneous
 T - a tin of tremorstones (2/2)


   Skills:
 + Level 13.2 Fighting
 - Level 7.0 Long Blades
 - Level 7.6 Dodging
 + Level 6.4 Stealth
 - Level 4.0 Shields
 - Level 9.0 Spellcasting
 - Level 9.4 Conjurations
 + Level 5.3 Hexes
 + Level 5.8 Summonings
 - Level 10.0 Fire Magic


You had 13 spell levels left.
You knew the following spells:

 Your Spells              Type           Power      Damage    Failure   Level
a - Foxfire               Conj/Fire      100%       2x1d9     1%          1
b - Sticky Flame          Conj/Fire      47%        2d6       1%          4
c - Fireball              Conj/Fire      23%        3d11      1%          5
d - Tukima's Dance        Hex            30%        N/A       1%          3
e - Summon Mana Viper     Hex/Summ       31%        N/A       9%          5

Your spell library contained the following spells:

 Spells                   Type           Power      Damage    Failure   Level
 Conjure Flame            Conj/Fire      47%        6-21      1%          3
 Inner Flame              Hex/Fire       39%        N/A       1%          3
 Fulminant Prism          Conj/Hex       19%        3d11      1%          4
 Beastly Appendage        Tmut           18%        N/A       3%          1
 Pain                     Necr           36%        1d5       3%          1
 Cause Fear               Hex            15%        N/A       3%          4
 Sublimation of Blood     Necr           4%         N/A       4%          2
 Wereblood                Tmut           9%         N/A       4%          2
 Gell's Gravitas          Tloc           4%         N/A       9%          3
 Lesser Beckoning         Tloc           4%         N/A       9%          3
 Spider Form              Tmut/Pois      4%         N/A       9%          3
 Teleport Other           Tloc           9%         N/A       9%          3
 Leda's Liquefaction      Hex/Erth       9%         N/A       11%         4
 Summon Forest            Summ/Tloc      10%        N/A       26%         5
 Petrify                  Tmut/Erth      9%         N/A       28%         4
 Metabolic Englaciation   Hex/Ice        9%         N/A       28%         5
 Agony                    Necr           9%         N/A       61%         5
 Excruciating Wounds      Necr           4%         N/A       61%         5
 Summon Hydra             Summ           16%        N/A       91%         7
 Eringya's Noxious Bog    Tmut/Pois      4%         N/A       98%         6
 Statue Form              Tmut/Erth      6%         N/A       98%         6
 Haunt                    Necr/Summ      10%        N/A       100%        7
 Discord                  Hex            15%        N/A       100%        8


Dungeon Overview and Level Annotations

Branches:
Dungeon (11/15)            Temple (1/1) D:7            Lair (4/6) D:10
 Shoals (0/4) Lair:2        Snake (0/4) Lair:4          Orc (2/2) D:11
    Elf (0/3) Orc:2         Sewer (visited)           IceCv (1/1)
Gauntlet (visited)

Altars:
Cheibriados
Dithmenos
Elyvilon
Gozag
Kikubaaqudgha
Okawaru
Qazlal
Trog
Uskayaw
Vehumet
Xom
Beogh

Shops:
D:4 (   Orc:2 =(:*

Annotations:
D:2 Sigmund, Terence
D:3 exclusions: orc and orc priest
D:4 Eustachio


Innate Abilities, Weirdness & Mutations

Your dull iron-grey scales are very hard. (AC +13)
You are amphibious.
You cannot fit into any form of body armour.
You are cold-blooded and may be slowed by cold attacks.


Message History

The sticky flame hits the reaper but does no damage.
The reaper is lightly wounded.
The reaper is covered in liquid flames!
The reaper burns!
The reaper closely misses you.
You riposte.
You slash the reaper!
The reaper is moderately wounded.
You slash the reaper!
The reaper is moderately wounded.
The reaper burns!
The reaper hits you with a +0 scythe of freezing!!
You hit the reaper but do no damage.
The reaper is heavily wounded.
The reaper hits you with a +0 scythe of freezing!
The reaper freezes you.
Unknown command.
Casting: Sticky Flame (mildly dangerous; 1% risk of failure)
Confirm with . or Enter, or press ? or * to list all spells.
Okay, then.
Aiming: Corrosive Bolt
Press: ? - help, Shift-Dir - straight line, f/p - reaper
Aim: a reaper, wielding a +0 scythe of freezing, wearing a +0 robe of cold resistance and wearing a ring of protection from cold (heavily wounded, covered in liquid flames, 81% to hit)
The bolt of acid hits the reaper.
The reaper is splashed with acid.
The acid corrodes the reaper!
The reaper is heavily wounded.
The reaper burns!
The reaper hits you with a +0 scythe of freezing!!
The reaper freezes you.
Unknown command.
Unknown command.
Aiming: Corrosive Bolt
Press: ? - help, Shift-Dir - straight line, f/p - reaper
Aim: a reaper, wielding a +0 scythe of freezing, wearing a +0 robe of cold resistance and wearing a ring of protection from cold (heavily wounded, covered in liquid flames, covered in acid, 81% to hit)
The bolt of acid hits the reaper!
The reaper is splashed with acid.
The reaper seems to be corroded for longer.
The reaper is severely wounded.
The reaper burns!
The reaper hits you with a +0 scythe of freezing!!!
* * * LOW HITPOINT WARNING * * *
The reaper freezes you.
You die...
Your body crumbles into a pile of gold.

§$$. #..## .#
#..###...##..#
##.$#≈#.......#
#.$Z$≈...#
#....#≈≈#..# ##..
#≈##..# ... ###..##
... ##2..# .. #.@.## .
##..## #....##
##.....## ###
#.......# ..######
##......# ...##..##
###.......#
........###.........##
.∩.......#...........#


You could see a reaper (burning, corroded).

Vanquished Creatures
  Gastronok (D:9)
  A minotaur (Gauntlet)
  An ettin (Orc:2)
  2 boulder beetles
  A catoblepas (D:11)
  3 hydras
  Erica (D:8)
  2 two-headed ogres
  7 orc high priests (Orc:2)
  Sonja (Orc:1)
  A sixfirhy (Gauntlet)
  A wizard (Gauntlet)
  2 orc knights
  3 orc sorcerers
  4 oklob plants (Lair:1)
  2 cyclopes
  The ghost of karkarkar the Magician, a novice DjIE of Wu Jian (D:5)
  Maurice (Orc:2)
  2 ice statues (IceCv)
  10 cane toads
  Maggie (D:9)
  An unseen horror (D:11)
  An entropy weaver simulacrum (IceCv)
  A rime drake (Lair:1)
  A kobold demonologist (D:11)
  6 komodo dragons
  4 ice devils (IceCv)
  4 trolls
  A raiju (Gauntlet)
  5 blink frogs (Lair:2)
  3 wyverns
  8 spriggans (Lair:1)
  A shadow (D:8)
  A vampire (D:10)
  30 yaks
  2 basilisks
  2 steam dragons (Gauntlet)
  A death yak simulacrum (IceCv)
  11 wargs
  3 vampire mosquitoes (D:11)
  A harpy simulacrum (IceCv)
  8 water moccasins
  14 orc warriors
  4 black bears
  2 ice beasts
  3 ogres
  A necrophage (D:7)
  5 wolves (Lair:3)
  7 centaurs
  A phantom (D:5)
  7 bullfrogs
  4 kobold brigands
  A two-headed ogre simulacrum (IceCv)
  5 scorpions
  A cane toad simulacrum (IceCv)
  An elephant simulacrum (IceCv)
  5 wights (D:8)
  6 killer bees (D:8)
  2 howler monkeys
  3 centaur zombies
  A bullfrog zombie (D:4)
  2 hounds
  3 gnoll shamans
  Crazy Yiuf (D:6)
  41 orc priests
  A bullfrog skeleton (D:6)
  A centaur skeleton (D:6)
  7 hell rats (Lair:3)
  15 orc wizards
  2 spriggan simulacra (IceCv)
  A killer bee zombie (D:6)
  A wolf simulacrum (IceCv)
  12 gnolls
  2 naga simulacra (IceCv)
  5 adders
  8 river rats (Sewer)
  3 shadow imps (Gauntlet)
  3 white imps
  5 ufetubi
  2 worms
  2 dart slugs (D:4)
  72 orcs
  6 bats
  9 endoplasms
  6 giant cockroaches
  6 hobgoblins
  3 jackals (D:4)
  21 kobolds
  5 quokkas
  9 ball pythons
  4 frilled lizards
  8 goblins
  22 rats
504 creatures vanquished.

Vanquished Creatures (others)
  A wizard (Gauntlet)
  2 white imps
  A bush (Lair:3)
  498 foxfires
  12 fungi
  19 plants
533 creatures vanquished.

Grand Total: 1037 creatures vanquished

Notes
Turn   | Place    | Note
-------+----------+-------------------------------------------
     0 | D:1      | belegose the Draconian Fire Elementalist began the quest
                  | for the Orb.
     0 | D:1      | Reached XP level 1. HP: 14/14 MP: 3/3
   221 | D:1      | Reached XP level 2. HP: 22/22 MP: 0/5
   678 | D:1      | Reached skill level 1 in Fighting
  1385 | D:2      | Noticed Terence
  1425 | D:2      | Reached XP level 3. HP: 26/28 MP: 6/6
  1815 | D:2      | Noticed Sigmund
  2007 | D:3      | Found a shimmering altar of Xom.
  2275 | D:3      | Found an opulent altar of Gozag.
  2363 | D:3      | Became a worshipper of Gozag Ym Sagoz the Greedy
  2552 | D:4      | Reached skill level 2 in Fighting
  2552 | D:4      | Reached XP level 4. HP: 22/36 MP: 3/8
  2882 | D:4      | Learned a level 4 spell: Sticky Flame
  2921 | D:4      | Noticed a scorpion
  2931 | D:4      | Reached XP level 5. HP: 42/42 MP: 6/9
  3025 | D:4      | Found Ywialol's Antique Weapon Shoppe.
  3341 | D:4      | Found a hide-covered altar of Uskayaw.
  3349 | D:4      | Found a radiant altar of Vehumet.
  3356 | D:4      | Found a shadowy altar of Dithmenos.
  3367 | D:4      | Found a white marble altar of Elyvilon.
  3379 | D:4      | Found a snail-covered altar of Cheibriados.
  3386 | D:4      | Found an ancient bone altar of Kikubaaqudgha.
  3394 | D:4      | Found a bloodstained altar of Trog.
  3598 | D:4      | Noticed Eustachio
  3899 | D:5      | Entered Level 5 of the Dungeon
  3944 | D:5      | You fall into a shaft and drop 2 floors!
  3962 | D:7      | Reached skill level 3 in Fighting
  4010 | D:7      | Noticed a water moccasin
  4014 | D:7      | Killed a water moccasin
  4015 | D:7      | Reached XP level 6. HP: 42/51 MP: 4/11
  4077 | D:7      | Noticed an ice beast
  4310 | D:5      | Your scales start taking on a dull iron-grey colour.
  4310 | D:5      | Reached XP level 7. HP: 58/58 MP: 6/12
  4370 | D:5      | Reached skill level 4 in Fighting
  4550 | D:5      | Found a glowing drain.
  4559 | Sewer    | Entered a sewer
  4665 | Sewer    | Reached skill level 5 in Fire Magic
  5862 | D:5      | Reached skill level 5 in Fighting
  5862 | D:5      | Reached XP level 8. HP: 68/68 MP: 6/14
  6113 | D:5      | Found a runed translucent door.
  6113 | D:5      | Noticed karkarkar's ghost (novice DjIE)
  6113 | D:5      | Found the -2 hat of the Alchemist {rElec rPois rF+ rC+ rN+
                  | Will+ rMut rCorr}
  6331 | D:6      | Reached skill level 5 in Conjurations
  6473 | D:6      | Reached skill level 5 in Spellcasting
  6758 | D:6      | Found an iron altar of Okawaru.
  6866 | D:6      | Found a runed translucent door.
  6867 | D:6      | Noticed Crazy Yiuf
  6874 | D:6      | Killed Crazy Yiuf
  7327 | D:7      | Found a staircase to the Ecumenical Temple.
  7468 | D:7      | Reached skill level 1 in Shields
  7601 | D:7      | Reached skill level 6 in Fighting
  7738 | D:6      | Reached XP level 9. HP: 75/75 MP: 7/17
  8256 | Temple   | Entered the Ecumenical Temple
  9395 | D:8      | Noticed Erica
  9404 | D:8      | Killed Erica
  9405 | D:8      | Reached skill level 7 in Fighting
  9740 | D:8      | Reached XP level 10. HP: 60/86 MP: 14/19
  9754 | D:8      | Reached skill level 1 in Long Blades
 10226 | D:9      | Noticed Gastronok
 10243 | D:9      | Killed Gastronok
 10427 | D:9      | Noticed a two-headed ogre
 10479 | D:8      | Learned a level 5 spell: Fireball
 10639 | D:9      | Noticed Maggie
 10698 | D:8      | Killed a two-headed ogre
 10699 | D:8      | Reached skill level 5 in Dodging
 11205 | D:8      | Reached skill level 8 in Fighting
 11597 | D:9      | Killed Maggie
 11809 | D:9      | Found a stormy altar of Qazlal.
 12123 | D:10     | Entered Level 10 of the Dungeon
 12188 | D:9      | Reached XP level 11. HP: 63/94 MP: 16/21
 13172 | D:10     | Found a staircase to the Lair.
 13789 | D:11     | Identified 4 scrolls of acquirement
 13800 | D:10     | Acquired the +2 hat of the Serpent {rC++ Dex+3}
 13801 | D:10     | Acquired the +0 staff of Battle
 13801 | D:10     | Found the +0 staff of Battle
 13802 | D:10     | Acquired the +4 cloak of Gluttony {rF+}
 13815 | D:10     | Acquired the +7 demon blade "Goblinslayer" {freeze, Dex+2}
 13922 | D:11     | Found a staircase to the Orcish Mines.
 13954 | D:11     | Noticed a catoblepas
 14118 | D:11     | Identified the +5 short sword of Yteven {holy, Fly Will+
                  | Int+7 Dex-4}
 14318 | D:11     | Noticed a two-headed ogre
 14347 | D:11     | Killed a catoblepas
 14727 | D:11     | Killed a two-headed ogre
 14728 | D:11     | Reached skill level 5 in Long Blades
 15166 | Orc:1    | Entered Level 1 of the Orcish Mines
 15172 | D:11     | Reached skill level 9 in Fighting
 15476 | Orc:1    | Noticed Sonja
 15746 | Orc:1    | Killed Sonja
 15806 | Orc:1    | Noticed an orc sorcerer
 15895 | Orc:1    | Killed an orc sorcerer
 16015 | Orc:1    | Noticed an orc knight
 16021 | Orc:1    | Noticed an orc sorcerer
 16028 | D:11     | Killed an orc knight
 16130 | Orc:1    | Reached XP level 12. HP: 86/104 MP: 13/24
 16507 | Orc:2    | Entered Level 2 of the Orcish Mines
 17428 | Orc:2    | Noticed an orc high priest
 17432 | Orc:2    | Killed an orc high priest
 17556 | Orc:2    | Noticed an ettin
 17667 | Orc:2    | Noticed Maurice
 17705 | Orc:2    | Killed Maurice
 17824 | Orc:2    | Killed an ettin
 17982 | Orc:2    | Found a staircase to the Elven Halls.
 18077 | Orc:2    | Noticed an orc high priest
 18132 | Orc:2    | Killed an orc high priest
 18242 | Orc:2    | Noticed an orc high priest
 18254 | Orc:2    | Killed an orc high priest
 18530 | Orc:2    | Noticed an orc high priest
 18538 | Orc:2    | Killed an orc high priest
 18539 | Orc:2    | Reached skill level 10 in Fighting
 18560 | Orc:2    | Noticed an orc high priest
 18583 | Orc:2    | Killed an orc high priest
 18713 | Orc:2    | Noticed an orc high priest
 18724 | Orc:2    | Killed an orc high priest
 18947 | Orc:2    | Noticed an orc high priest
 18955 | Orc:2    | Killed an orc high priest
 19081 | Orc:2    | Found Dilit's Assorted Antiques.
 19081 | Orc:2    | Found Fyinno Lausm's Book Emporium.
 19225 | Orc:2    | Found Tiysuw's Antique Weapon Shop.
 19225 | Orc:2    | Found Cuacrohu's Jewellery Emporium.
 19564 | D:5      | Killed karkarkar's ghost
 19565 | D:5      | Reached skill level 10 in Fire Magic
 19827 | Orc:2    | Bought an amulet of regeneration for 360 gold pieces
 19863 | Orc:2    | Bought a gilded ring for 145 gold pieces
 19863 | Orc:2    | Bought a scroll labelled KAVEVU BAOCW for 29 gold pieces
 19863 | Orc:2    | Bought a scroll labelled SEWOYPRU MESU for 29 gold pieces
 19874 | Orc:2    | Bought a manual of Fighting for 880 gold pieces
 19876 | Orc:2    | Bought the Compendium of Black Arts and Bewitchment for 286
                  | gold pieces
 19880 | Orc:2    | Learned a level 3 spell: Tukima's Dance
 19886 | Orc:2    | Learned a level 5 spell: Summon Mana Viper
 19990 | Lair:1   | Entered Level 1 of the Lair of Beasts
 20189 | Lair:1   | Reached skill level 1 in Summonings
 20193 | Lair:1   | Reached skill level 1 in Hexes
 20293 | Lair:1   | Reached XP level 13. HP: 114/114 MP: 18/26
 20864 | Lair:1   | Reached skill level 11 in Fighting
 21087 | Lair:1   | Got the Catalogue of Unholy Arts and Execration
 21298 | Lair:1   | Identified the +1 robe of Tycuklei {Int+3}
 21526 | Lair:1   | Upgraded the game from 0.27.1-15-g792fb953b9 to
                  | 0.27.1-16-g815e20cd7a
 21558 | Lair:2   | Found a gate leading to a gauntlet.
 21567 | Gauntlet | Entered a Gauntlet
 21567 | Gauntlet | Found a transporter.
 21567 | Gauntlet | Found a transporter.
 21578 | Gauntlet | Found a transporter.
 21579 | Gauntlet | Found a transporter.
 21587 | Gauntlet | Found a transporter.
 21592 | Gauntlet | Found a transporter.
 21600 | Gauntlet | Found a transporter.
 21619 | Gauntlet | Found a transporter.
 21637 | Gauntlet | Found a transporter.
 21641 | Gauntlet | Found a transporter.
 21642 | Gauntlet | Found a runed translucent door.
 21653 | Gauntlet | Found a transporter.
 21654 | Gauntlet | Found a transporter.
 21868 | Gauntlet | Identified the -4 helmet of the Gastropod {-Tele Regen+
                  | Int+2 Dex+9}
 21919 | Gauntlet | Identified the ring "Vykhlurph" {rPois AC+4}
 21972 | Gauntlet | Identified the ring "Nachicvo" {Fly rElec rF- rN+ Str+5}
 22019 | Gauntlet | Identified the +5 arbalest of the Unliving {vorpal, rF+ rC+
                  | Will+ Dex+2}
 22019 | Gauntlet | Noticed a minotaur
 22040 | Gauntlet | Killed a minotaur
 22170 | Lair:2   | Found a staircase to the Shoals.
 22171 | Lair:2   | Identified the +3 leather armour of the Heavens {rC+}
 22368 | Lair:2   | Reached skill level 12 in Fighting
 22535 | Lair:2   | Reached skill level 5 in Stealth
 23746 | Lair:3   | Reached skill level 5 in Summonings
 24325 | Lair:3   | Reached skill level 13 in Fighting
 24325 | Lair:3   | Reached skill level 5 in Hexes
 24653 | Lair:4   | Found a frozen archway.
 24667 | IceCv    | Entered an ice cave
 25001 | IceCv    | Reached XP level 14. HP: 97/129 MP: 27/27
 25177 | IceCv    | Noticed a reaper
 25224 | IceCv    | HP: 2/129 [reaper (41)]
 25224 | IceCv    | Slain by a reaper

Illustrated notes

Levels and vault maps discovered:
D:1:      scummos_arrival_star, layout_basic
D:2:      layout_loops_ring, hangedman_abyss_or_decor_stabs, uniq_terence,
          uniq_sigmund
D:3:      layout_rooms, grunt_gozag_statues, mainiacjoe_overflow_catwalk
D:4:      layout_loops_corners, grunt_temple_overflow_octagram, serial_shops,
          nicolae_shop_waterfront, uniq_eustachio
D:5:      layout_loops_cross, portal_sewer_entry_f,
          ebering_ghost_reflecting_pool, kennysheep_pointless_box
D:6:      layout_loops_cross, okawaru_metal_pillars_3, lemuel_flamethrower_2,
          uniq_crazy_yiuf_cottage
D:7:      layout_basic, minmay_temple_entry_proselytizer
D:8:      layout_basic, uniq_erica
D:9:      layout_cave_pools, amcnicky_altar_gilded, uniq_maggie, uniq_gastronok
D:10:     layout_cross, erik_lair_orcish_takeover
D:11:     layout_cave_pools, david_orc_2, statue_in_the_mist_lemuel,
          kennysheep_potato
Temple:   minmay_temple_curvy_loop
Lair:1:   kb_forest_paths, layout_misc_corridors, nzn_sisyphean_effort,
          serial_bayou_shore_b, minmay_lair_oklob_chamber
Lair:2:   layout_cave_pods, elwin_shoals_entry_rocks, gauntlet_entry_generic
Lair:3:   layout_roguey, infiniplex_staircase_pool
Lair:4:   layout_regular_city, minmay_snake_entry_guardpost_large,
          portal_ice_cave_entry_pillars_1, chequers_serial_rivers_micro_a,
          amcnicky_mini_pool_medium
Orc:1:    layout_caves, gammafunk_ghost_cemetery, basic_altar, uniq_sonja
Orc:2:    st_orc_town, layout_diamond_mine, uniq_maurice
IceCv:    ice_cave_small_demon

Skill      XL: |  1  2  3  4  5  6  7  8  9 10 11 12 13 |
---------------+----------------------------------------+-----
Fighting       | 1 2 3 5 6 7 8 9 10 13 | 13.2
Conjurations   | 2 3 4 5 6 7 8 9 |  9.4
Spellcasting   | 3 4 5 6 7 8 9 |  9.0
Fire Magic     | 4 5 6 7 8 9 10 | 10.0
Dodging        | 2 4 5 6 7 |  7.6
Shields        | 1 3 4 |  4.0
Long Blades    | 3 5 7 |  7.0
Stealth        | 2 6 |  6.4
Summonings     | 1 5 |  5.8
Hexes          | 1 5 |  5.3

Action                   |  1- 3 |  4- 6 |  7- 9 | 10-12 | 13-15 || total
-------------------------+-------+-------+-------+-------+-------++-------
Melee: Unarmed           |     8 |       |       |       |       ||     8
       Tailslap          |     5 |     4 |    34 |    69 |    53 ||   165
       Rapier            |    89 |    41 |       |       |       ||   130
       Dagger            |       |     8 |   192 |       |       ||   200
       Short sword       |       |       |   111 |   119 |       ||   230
       Scimitar          |       |       |     2 |     9 |     5 ||    16
       Demon blade       |       |       |       |   288 |   384 ||   672
       Staff             |       |       |       |     1 |       ||     1
Throw: Dart              |       |       |     3 |    16 |       ||    19
 Cast: Foxfire           |    28 |    33 |    98 |   120 |       ||   279
       Sticky Flame      |       |     1 |    20 |    60 |    21 ||   102
       Fireball          |       |       |       |    73 |    39 ||   112
Evoke: Wand              |       |       |       |     2 |     2 ||     4
  Use: Scroll            |       |       |       |    15 |     6 ||    21
       Potion            |       |       |       |     3 |       ||     3
 Stab: Sleeping          |     4 |     2 |     3 |       |     6 ||    15
       Distracted        |       |       |     1 |     3 |     2 ||     6
       Petrified         |       |       |       |     3 |       ||     3
Armor: Skin              |    22 |    12 |   162 |   188 |   142 ||   526
Dodge: Dodged            |    53 |    24 |   250 |   280 |   264 ||   871
Block: Buckler           |       |       |       |    80 |    63 ||   143
       Rpst.: Scimitar   |       |       |     1 |     2 |       ||     3
       Demon blade       |       |       |       |    41 |    71 ||   112
